2459 views
Uploaded 2022-01-12 15:17:38
Game version 1.32.10
22:46 long 4on4 ladder game on (8)Battleground_LV
Saved by xzz
2459 views
Uploaded 2022-01-12 15:17:38
Game version 1.32.10
22:46 long 4on4 ladder game on (8)Battleground_LV


160 units @ 21.1k
/ 3.3k
55 buildings @ 9.6k
/ 3.3k

| Healing Salve | 2 | 200 |
| Lesser Clarity Potion | 2 | 140 |
| Potion of Healing | 1 | 150 |
| Scroll of Town Portal | 2 | 700 |
| Potion of Lesser Invulnerability | 1 | 150 |
| total: | 8 | 1340g |
| Peon | 7 | 525 | / | 0 |
| Troll Headhunter | 11 | 1540 | / | 220 |
| Troll Berserker | 11 | 1540 | / | 220 |
| Shaman | 5 | 650 | / | 100 |
| total: | 34 | 4255g | / | 540w |
| Watch Tower | 3 | 330 | / | 240 |
| Altar of Storms | 1 | 180 | / | 50 |
| Orc Burrow | 4 | 640 | / | 160 |
| War Mill | 1 | 205 | / | 0 |
| Barracks | 2 | 360 | / | 100 |
| Voodoo Lounge | 1 | 130 | / | 30 |
| Spirit Lodge | 1 | 150 | / | 150 |
| Stronghold | 1 | 315 | / | 190 |
| Fortress | 1 | 325 | / | 190 |
| total: | 13 | 1995g | / | 730w |
| 0:03 | Peon |
| 0:03 | Peon |
| 0:07 | Altar of Storms |
| 0:18 | Orc Burrow |
| 0:21 | Peon |
| 0:29 | Peon |
| 0:45 | War Mill |
| 1:04 | Barracks |
| 1:31 | Peon |
| 1:36 | Peon |
| 1:50 | Orc Burrow |
| 1:59 | Peon |
| 2:06 | Troll Headhunter |
| 2:09 | Feral Spirit |
| 2:34 | Troll Headhunter |
| 2:56 | Troll Headhunter |
| 3:31 | Troll Headhunter |
| 3:34 | Barracks |
| 3:35 | Stronghold |
| 3:42 | Voodoo Lounge |
| 4:39 | Troll Headhunter |
| 5:00 | Healing Salve |
| 5:01 | Troll Headhunter |
| 5:04 | Healing Salve |
| 5:05 | Lesser Clarity Potion |
| 5:14 | Orc Burrow |
| 5:33 | Troll Headhunter |
| 6:01 | Fortress |
| 6:05 | Troll Headhunter |
| 6:13 | Chain Lighting |
| 7:12 | Troll Headhunter |
| 7:32 | Steel Ranged Weapons |
| 7:38 | Troll Regeneration |
| 7:41 | Troll Headhunter |
| 7:48 | Watch Tower |
| 8:06 | Spirit Lodge |
| 8:11 | Troll Headhunter |
| 8:33 | Lesser Clarity Potion |
| 8:43 | Orc Burrow |
| 8:48 | Feral Spirit |
| 9:01 | Steel Armor |
| 9:35 | Berserker Upgrade |
| 10:03 | Chain Lighting |
| 10:17 | Troll Berserker |
| 10:19 | Shaman Adept Training |
| 10:19 | Shaman |
| 10:43 | Troll Berserker |
| 11:37 | Troll Berserker |
| 11:38 | Shaman Master Training |
| 11:38 | Shaman |
| 12:08 | Shaman |
| 12:23 | Potion of Healing |
| 12:24 | Scroll of Town Portal |
| 13:35 | Troll Berserker |
| 13:58 | Feral Spirit |
| 15:22 | Scroll of Town Portal |
| 15:23 | Potion of Lesser Invulnerability |
| 15:34 | Reinforced Defenses |
| 15:36 | Watch Tower |
| 15:38 | Watch Tower |
| 16:25 | Troll Berserker |
| 16:25 | Troll Berserker |
| 16:26 | Shaman |
| 16:28 | Troll Berserker |
| 17:09 | Troll Berserker |
| 18:35 | Earth Quake |
| 18:49 | Troll Berserker |
| 19:11 | Shaman |
| 19:12 | Troll Berserker |
| 19:12 | Troll Berserker |
| Right click | 549 |
| Select | 381 |
| Misc. action | 234 |
| Select group | 204 |
| Build/train/purchase | 97 |
| Assign group | 43 |
| Chat | 32 |
| Use ability | 25 |
| Resource trade | 12 |
| Minimap ping | 6 |

| Peon | 8 | 600 | / | 0 |
| Troll Headhunter | 25 | 3500 | / | 500 |
| Troll Berserker | 9 | 1260 | / | 180 |
| total: | 42 | 5360g | / | 680w |
| Watch Tower | 1 | 110 | / | 80 |
| War Mill | 1 | 205 | / | 0 |
| Altar of Storms | 2 | 360 | / | 100 |
| Orc Burrow | 8 | 1280 | / | 320 |
| Barracks | 2 | 360 | / | 100 |
| Stronghold | 1 | 315 | / | 190 |
| Fortress | 2 | 650 | / | 380 |
| total: | 14 | 2315g | / | 600w |
| 0:06 | Peon |
| 0:06 | Peon |
| 0:06 | Peon |
| 0:06 | Peon |
| 0:06 | Peon |
| 1:05 | War Mill |
| 1:17 | Altar of Storms |
| 1:22 | Orc Burrow |
| 1:43 | Barracks |
| 2:28 | Stronghold |
| 2:38 | Steel Ranged Weapons |
| 3:04 | Orc Burrow |
| 3:09 | Troll Headhunter |
| 3:09 | Troll Headhunter |
| 3:10 | Troll Headhunter |
| 3:10 | Troll Headhunter |
| 3:11 | Troll Headhunter |
| 3:36 | Troll Headhunter |
| 3:37 | Troll Headhunter |
| 3:42 | Feral Spirit |
| 3:58 | Troll Headhunter |
| 4:32 | Troll Headhunter |
| 4:33 | Troll Headhunter |
| 4:41 | Troll Headhunter |
| 4:41 | Troll Headhunter |
| 4:58 | Troll Regeneration |
| 4:59 | Troll Headhunter |
| 4:59 | Troll Headhunter |
| 4:59 | Troll Headhunter |
| 5:15 | Troll Headhunter |
| 5:15 | Troll Headhunter |
| 5:46 | Chain Lighting |
| 6:15 | Fortress |
| 7:16 | Feral Spirit |
| 7:36 | Troll Headhunter |
| 7:38 | Thorium Ranged Weapons |
| 7:45 | Barracks |
| 7:49 | Orc Burrow |
| 7:50 | Orc Burrow |
| 7:52 | Orc Burrow |
| 7:53 | Orc Burrow |
| 9:08 | Berserker Upgrade |
| 9:08 | Troll Headhunter |
| 9:08 | Troll Headhunter |
| 9:09 | Troll Headhunter |
| 9:10 | Troll Headhunter |
| 9:10 | Troll Headhunter |
| 9:11 | Troll Headhunter |
| 9:16 | Troll Headhunter |
| 9:39 | Chain Lighting |
| 10:39 | Troll Berserker |
| 10:40 | Troll Berserker |
| 11:02 | Troll Berserker |
| 11:04 | Troll Berserker |
| 11:37 | Troll Berserker |
| 11:38 | Troll Berserker |
| 11:39 | Troll Berserker |
| 11:53 | Troll Berserker |
| 13:29 | Peon |
| 13:29 | Peon |
| 13:42 | Peon |
| 13:43 | Troll Berserker |
| 13:52 | Altar of Storms |
| 13:57 | Orc Burrow |
| 14:42 | Orc Burrow |
| 15:05 | Watch Tower |
| Right click | 345 |
| Select | 162 |
| Build/train/purchase | 75 |
| Use ability | 6 |
| Remove unit | 6 |
| Resource trade | 6 |
| Select group | 5 |
| Assign group | 1 |


| Potion of Lesser Invulnerability | 1 | 150 |
| total: | 1 | 150g |
| Wisp | 10 | 600 | / | 0 |
| Glaive Thrower | 9 | 1890 | / | 585 |
| Archer | 24 | 3120 | / | 240 |
| total: | 43 | 5610g | / | 825w |
| Altar of Elders | 1 | 180 | / | 50 |
| Moon Well | 7 | 1260 | / | 280 |
| Hunter's Hall | 1 | 210 | / | 100 |
| Ancient of War | 2 | 300 | / | 120 |
| Tree of Life | 2 | 680 | / | 370 |
| Tree of Ages | 1 | 320 | / | 180 |
| total: | 13 | 2630g | / | 920w |
| 0:06 | Altar of Elders |
| 0:08 | Moon Well |
| 0:11 | Wisp |
| 0:11 | Wisp |
| 0:24 | Wisp |
| 0:30 | Wisp |
| 0:53 | Wisp |
| 1:06 | Moon Well |
| 1:10 | Wisp |
| 1:11 | Wisp |
| 1:11 | Wisp |
| 1:21 | Wisp |
| 1:45 | Hunter's Hall |
| 2:00 | Moon Well |
| 2:04 | Wisp |
| 2:07 | Force of Nature |
| 2:22 | Ancient of War |
| 3:02 | Ancient of War |
| 3:48 | Glaive Thrower |
| 3:54 | Strength of the Moon |
| 3:58 | Moon Well |
| 4:11 | Glaive Thrower |
| 4:23 | Glaive Thrower |
| 5:20 | Glaive Thrower |
| 5:41 | Glaive Thrower |
| 5:48 | Glaive Thrower |
| 7:03 | Glaive Thrower |
| 7:07 | Moon Well |
| 7:55 | Entangling Roots |
| 8:56 | Moon Well |
| 8:59 | Archer |
| 9:05 | Moon Armor |
| 9:05 | Ultravision |
| 9:07 | Archer |
| 9:08 | Glaive Thrower |
| 9:34 | Archer |
| 9:34 | Archer |
| 9:51 | Archer |
| 9:53 | Moon Well |
| 10:21 | Glaive Thrower |
| 10:23 | Archer |
| 10:31 | Entangling Roots |
| 10:49 | Tree of Ages |
| 11:09 | Potion of Lesser Invulnerability |
| 11:13 | Archer |
| 12:20 | Force of Nature |
| 13:19 | Tree of Life |
| 13:26 | Improved Bows |
| 13:27 | Archer |
| 13:39 | Archer |
| 14:18 | Archer |
| 14:18 | Archer |
| 14:18 | Archer |
| 14:24 | Searing Arrows |
| 14:34 | Archer |
| 14:34 | Archer |
| 15:07 | Tree of Life |
| 15:14 | Improved Strength of the Moon |
| 15:16 | Archer |
| 15:16 | Archer |
| 15:33 | Archer |
| 16:36 | Archer |
| 16:36 | Archer |
| 16:36 | Archer |
| 16:56 | Archer |
| 17:16 | Force of Nature |
| 17:25 | Trueshot Aura |
| 17:27 | Archer |
| 17:27 | Archer |
| 17:59 | Archer |
| Right click | 587 |
| Select | 308 |
| Chat | 116 |
| Build/train/purchase | 65 |
| Use ability | 28 |
| Minimap ping | 3 |
| Remove unit | 2 |


| Potion of Healing | 1 | 150 |
| Scroll of Town Portal | 3 | 1050 |
| total: | 4 | 1200g |
| Wisp | 18 | 1080 | / | 0 |
| Huntress | 6 | 1170 | / | 120 |
| Dryad | 9 | 1305 | / | 540 |
| Archer | 2 | 260 | / | 20 |
| Mountain Giant | 6 | 2100 | / | 600 |
| total: | 41 | 5915g | / | 1280w |
| Altar of Elders | 1 | 180 | / | 50 |
| Moon Well | 7 | 1260 | / | 280 |
| Hunter's Hall | 1 | 210 | / | 100 |
| Ancient of War | 2 | 300 | / | 120 |
| Ancient of Wonders | 1 | 90 | / | 30 |
| Tree of Life | 1 | 340 | / | 185 |
| Ancient of Lore | 2 | 310 | / | 290 |
| Tree of Ages | 1 | 320 | / | 180 |
| total: | 15 | 2690g | / | 1055w |
| 0:03 | Wisp |
| 0:03 | Wisp |
| 0:12 | Altar of Elders |
| 0:20 | Moon Well |
| 0:23 | Wisp |
| 0:23 | Wisp |
| 0:40 | Wisp |
| 0:40 | Wisp |
| 1:07 | Wisp |
| 1:17 | Wisp |
| 1:32 | Hunter's Hall |
| 1:43 | Ancient of War |
| 1:57 | Wisp |
| 2:07 | Ancient of War |
| 2:18 | Entangling Roots |
| 2:21 | Moon Well |
| 2:40 | Moon Well |
| 3:28 | Huntress |
| 3:30 | Moon Well |
| 4:02 | Huntress |
| 4:21 | Tree of Ages |
| 5:00 | Huntress |
| 5:36 | Huntress |
| 5:46 | Huntress |
| 6:07 | Moon Well |
| 6:33 | Force of Nature |
| 6:57 | Force of Nature |
| 7:01 | Moon Glaive |
| 7:01 | Huntress |
| 7:04 | Ancient of Lore |
| 7:20 | Ancient of Wonders |
| 8:20 | Entangling Roots |
| 8:44 | Dryad |
| 8:44 | Dryad |
| 9:10 | Frost Arrows |
| 9:24 | Archer |
| 9:24 | Archer |
| 9:59 | Tree of Life |
| 10:03 | Moon Well |
| 10:44 | Forked Lightning |
| 10:59 | Wisp |
| 10:59 | Wisp |
| 11:00 | Wisp |
| 11:00 | Wisp |
| 11:16 | Scroll of Town Portal |
| 11:16 | Potion of Healing |
| 12:33 | Dryad |
| 12:34 | Dryad |
| 12:54 | Ancient of Lore |
| 13:15 | Wisp |
| 13:16 | Wisp |
| 13:16 | Wisp |
| 13:16 | Wisp |
| 13:16 | Wisp |
| 13:39 | Mountain Giant |
| 13:40 | Mountain Giant |
| 14:02 | Reinforced Hides |
| 14:03 | Strength of the Wild |
| 14:12 | Dryad |
| 14:41 | Mountain Giant |
| 14:59 | Mountain Giant |
| 15:02 | Moon Well |
| 15:24 | Scroll of Town Portal |
| 15:44 | Mountain Giant |
| 16:06 | Thorns Aura |
| 16:39 | Mountain Giant |
| 16:59 | Forked Lightning |
| 17:02 | Improved Reinforced Hides |
| 17:16 | Scroll of Town Portal |
| 17:38 | Dryad |
| 19:09 | Dryad |
| 19:09 | Dryad |
| 19:09 | Dryad |
| Right click | 620 |
| Select group | 401 |
| Select | 271 |
| Build/train/purchase | 70 |
| Assign group | 43 |
| Use ability | 36 |
| Minimap ping | 7 |
| Chat | 5 |
| Remove unit | 1 |
176 units @ 23k
/ 2.4k
76 buildings @ 9.4k
/ 3.9k

| Wisp | 22 | 1320 | / | 0 |
| Archer | 10 | 1300 | / | 100 |
| total: | 32 | 2620g | / | 100w |
| Altar of Elders | 1 | 180 | / | 50 |
| Moon Well | 3 | 540 | / | 120 |
| Ancient of War | 1 | 150 | / | 60 |
| Hunter's Hall | 1 | 210 | / | 100 |
| Ancient of Wonders | 1 | 90 | / | 30 |
| total: | 7 | 1170g | / | 360w |
| 0:04 | Wisp |
| 0:04 | Wisp |
| 0:05 | Wisp |
| 0:09 | Altar of Elders |
| 0:20 | Moon Well |
| 0:45 | Ancient of War |
| 0:50 | Wisp |
| 0:50 | Wisp |
| 1:11 | Wisp |
| 1:25 | Wisp |
| 1:35 | Wisp |
| 1:53 | Archer |
| 2:02 | Wisp |
| 2:26 | Trueshot Aura |
| 3:18 | Archer |
| 3:19 | Archer |
| 3:19 | Archer |
| 3:23 | Wisp |
| 3:23 | Wisp |
| 3:23 | Wisp |
| 3:24 | Wisp |
| 4:27 | Archer |
| 4:27 | Archer |
| 4:43 | Wisp |
| 4:44 | Wisp |
| 4:44 | Wisp |
| 4:44 | Wisp |
| 4:44 | Wisp |
| 5:08 | Moon Well |
| 5:12 | Hunter's Hall |
| 6:13 | Moon Well |
| 6:17 | Archer |
| 6:27 | Wisp |
| 6:27 | Wisp |
| 6:27 | Wisp |
| 6:27 | Wisp |
| 6:31 | Archer |
| 6:31 | Archer |
| 6:31 | Archer |
| 7:15 | Ancient of Wonders |
| Right click | 143 |
| Select | 91 |
| Select group | 55 |
| Build/train/purchase | 37 |
| Chat | 34 |
| Misc. action | 25 |
| Assign group | 9 |
| Use ability | 3 |
| Remove unit | 1 |
| Minimap ping | 1 |


| Scroll of Regeneration | 2 | 200 |
| Potion of Healing | 1 | 150 |
| Staff of Sanctuary | 1 | 250 |
| Scroll of Town Portal | 3 | 1050 |
| Orb of Lightning | 1 | 375 |
| total: | 8 | 2025g |
| Peasant | 25 | 1875 | / | 0 |
| Footman | 18 | 2430 | / | 0 |
| Sorceress | 5 | 775 | / | 100 |
| Spell Breaker | 6 | 1290 | / | 180 |
| Rifleman | 4 | 820 | / | 120 |
| Knight | 7 | 1715 | / | 420 |
| total: | 65 | 8905g | / | 820w |
| Scout Tower | 10 | 300 | / | 200 |
| Arcane Tower | 2 | 140 | / | 100 |
| Guard Tower | 1 | 70 | / | 50 |
| Altar of Kings | 1 | 180 | / | 50 |
| Barracks | 1 | 160 | / | 60 |
| Farm | 13 | 1040 | / | 260 |
| Town Hall | 1 | 385 | / | 205 |
| Lumber Mill | 1 | 120 | / | 0 |
| Arcane Vault | 2 | 260 | / | 60 |
| Blacksmith | 1 | 140 | / | 60 |
| Arcane Sanctum | 2 | 300 | / | 280 |
| Keep | 1 | 320 | / | 210 |
| Castle | 1 | 360 | / | 210 |
| total: | 32 | 2885g | / | 1175w |
| 0:04 | Peasant |
| 0:04 | Peasant |
| 0:17 | Altar of Kings |
| 0:27 | Barracks |
| 0:32 | Farm |
| 0:33 | Peasant |
| 0:44 | Peasant |
| 0:57 | Farm |
| 1:03 | Peasant |
| 1:11 | Peasant |
| 1:22 | Peasant |
| 1:29 | Footman |
| 1:39 | Farm |
| 1:48 | Footman |
| 1:57 | Peasant |
| 2:04 | Farm |
| 2:04 | Farm |
| 2:07 | Farm |
| 2:17 | Footman |
| 2:20 | Summon Water Elemental |
| 2:26 | Peasant |
| 2:34 | Peasant |
| 2:46 | Footman |
| 3:10 | Footman |
| 3:12 | Peasant |
| 4:05 | Keep |
| 4:06 | Footman |
| 4:12 | Brilliance Aura |
| 4:25 | Town Hall |
| 4:43 | Footman |
| 5:12 | Farm |
| 5:50 | Footman |
| 5:51 | Footman |
| 5:55 | Scout Tower |
| 5:56 | Scout Tower |
| 5:57 | Peasant |
| 6:02 | Scout Tower |
| 6:07 | Scout Tower |
| 6:08 | Scout Tower |
| 6:13 | Lumber Mill |
| 6:17 | Arcane Vault |
| 6:30 | Footman |
| 6:30 | Footman |
| 6:42 | Footman |
| 6:43 | Peasant |
| 6:43 | Peasant |
| 7:26 | Peasant |
| 7:26 | Peasant |
| 7:44 | Peasant |
| 7:49 | Peasant |
| 7:49 | Peasant |
| 7:54 | Arcane Tower |
| 7:59 | Footman |
| 8:02 | Peasant |
| 8:07 | Arcane Tower |
| 8:18 | Footman |
| 8:20 | Peasant |
| 8:25 | Arcane Sanctum |
| 8:28 | Peasant |
| 8:37 | Arcane Sanctum |
| 8:53 | Arcane Vault |
| 8:56 | Footman |
| 9:00 | Peasant |
| 9:34 | Summon Water Elemental |
| 9:55 | Holy Light |
| 10:21 | Peasant |
| 10:21 | Peasant |
| 10:24 | Sorceress |
| 10:24 | Sorceress |
| 10:26 | Footman |
| 10:26 | Footman |
| 10:29 | Blacksmith |
| 10:33 | Scroll of Regeneration |
| 10:34 | Potion of Healing |
| 10:42 | Scroll of Town Portal |
| 11:04 | Footman |
| 11:06 | Sorceress |
| 11:21 | Castle |
| 11:37 | Divine Shield |
| 11:39 | Spell Breaker |
| 12:17 | Rifleman |
| 12:19 | Spell Breaker |
| 12:22 | Farm |
| 12:22 | Farm |
| 12:29 | Rifleman |
| 12:31 | Holy Light |
| 13:23 | Rifleman |
| 13:23 | Rifleman |
| 13:27 | Sorceress |
| 13:31 | Scout Tower |
| 13:33 | Scout Tower |
| 13:35 | Scout Tower |
| 13:44 | Guard Tower |
| 14:00 | Scroll of Town Portal |
| 14:00 | Scroll of Regeneration |
| 14:01 | Staff of Sanctuary |
| 14:19 | Knight |
| 14:19 | Knight |
| 14:23 | Farm |
| 14:35 | Scout Tower |
| 14:40 | Scout Tower |
| 14:43 | Knight |
| 14:45 | Sorceress |
| 15:26 | Knight |
| 15:28 | Spell Breaker |
| 15:42 | Iron Plating |
| 15:49 | Farm |
| 15:50 | Farm |
| 15:53 | Farm |
| 16:33 | Devotion Aura |
| 16:37 | Scroll of Town Portal |
| 16:46 | Orb of Lightning |
| 17:50 | Knight |
| 17:54 | Spell Breaker |
| 18:26 | Knight |
| 18:28 | Spell Breaker |
| 18:47 | Devotion Aura |
| 19:12 | Knight |
| 19:14 | Spell Breaker |
| 19:51 | Resurrection |
| Right click | 336 |
| Select | 240 |
| Build/train/purchase | 123 |
| Select group | 100 |
| Assign group | 32 |
| Use ability | 24 |
| Minimap ping | 8 |

| Healing Salve | 4 | 400 |
| Lesser Clarity Potion | 3 | 210 |
| Scroll of Speed | 3 | 150 |
| Scroll of Town Portal | 2 | 700 |
| total: | 12 | 1460g |
| Peon | 10 | 750 | / | 0 |
| Grunt | 2 | 400 | / | 0 |
| Troll Headhunter | 11 | 1540 | / | 220 |
| Wind Rider | 12 | 3180 | / | 480 |
| Troll Berserker | 3 | 420 | / | 60 |
| total: | 38 | 6290g | / | 760w |
| Watch Tower | 4 | 440 | / | 320 |
| Altar of Storms | 1 | 180 | / | 50 |
| Orc Burrow | 4 | 640 | / | 160 |
| Barracks | 1 | 180 | / | 50 |
| Voodoo Lounge | 1 | 130 | / | 30 |
| War Mill | 1 | 205 | / | 0 |
| Great Hall | 1 | 385 | / | 185 |
| Beastiary | 2 | 290 | / | 280 |
| Stronghold | 1 | 315 | / | 190 |
| Fortress | 1 | 325 | / | 190 |
| total: | 15 | 2450g | / | 1075w |
| 0:06 | Altar of Storms |
| 0:07 | Peon |
| 0:07 | Peon |
| 0:10 | Orc Burrow |
| 0:39 | Barracks |
| 0:48 | Peon |
| 1:19 | Orc Burrow |
| 1:32 | Voodoo Lounge |
| 1:55 | Grunt |
| 2:20 | War Mill |
| 2:24 | Peon |
| 2:32 | Feral Spirit |
| 2:45 | Grunt |
| 3:25 | Peon |
| 3:26 | Peon |
| 3:26 | Peon |
| 4:15 | Healing Salve |
| 4:15 | Lesser Clarity Potion |
| 4:19 | Scroll of Speed |
| 4:23 | Troll Headhunter |
| 4:31 | Stronghold |
| 4:34 | Troll Headhunter |
| 5:08 | Troll Headhunter |
| 5:11 | Orc Burrow |
| 5:32 | Troll Headhunter |
| 5:37 | Chain Lighting |
| 6:09 | Troll Headhunter |
| 6:11 | Steel Armor |
| 7:03 | Beastiary |
| 7:05 | Beastiary |
| 7:09 | Watch Tower |
| 7:11 | Watch Tower |
| 7:26 | Watch Tower |
| 7:31 | Watch Tower |
| 7:39 | Troll Headhunter |
| 8:08 | Peon |
| 8:08 | Peon |
| 8:33 | Wind Rider |
| 8:57 | Troll Headhunter |
| 9:19 | Scroll of Town Portal |
| 9:53 | Wind Rider |
| 10:22 | Feral Spirit |
| 10:38 | Wind Rider |
| 11:38 | Wind Rider |
| 11:40 | Troll Headhunter |
| 11:50 | Chain Lighting |
| 12:22 | Wind Rider |
| 13:03 | Healing Salve |
| 13:06 | Lesser Clarity Potion |
| 13:08 | Scroll of Speed |
| 13:28 | Fortress |
| 13:42 | Wind Rider |
| 14:18 | Feral Spirit |
| 15:01 | Wind Rider |
| 15:07 | Orc Burrow |
| 15:19 | Lesser Clarity Potion |
| 15:19 | Scroll of Town Portal |
| 16:32 | Envenomed Spears |
| 16:33 | Wind Rider |
| 16:35 | Troll Headhunter |
| 16:35 | Troll Headhunter |
| 17:03 | Troll Headhunter |
| 17:04 | Berserker Upgrade |
| 17:08 | Peon |
| 17:12 | Healing Salve |
| 17:29 | Steel Ranged Weapons |
| 18:59 | Wind Rider |
| 19:36 | Wind Rider |
| 20:08 | Wind Rider |
| 20:09 | Troll Berserker |
| 20:30 | Wind Rider |
| 20:41 | Troll Berserker |
| 20:51 | Healing Salve |
| 20:59 | Scroll of Speed |
| 21:13 | Troll Berserker |
| 21:54 | Great Hall |
| 22:10 | Thorium Ranged Weapons |
| Right click | 672 |
| Select | 310 |
| Chat | 204 |
| Build/train/purchase | 97 |
| Select group | 81 |
| Assign group | 45 |
| Use ability | 38 |
| Minimap ping | 8 |


x1)
| Scroll of Regeneration | 3 | 300 |
| Lesser Clarity Potion | 2 | 140 |
| Potion of Healing | 4 | 600 |
| Potion of Mana | 2 | 400 |
| Scroll of Town Portal | 2 | 700 |
| Scroll of Healing | 1 | 250 |
| Tome of Retraining | 1 | 300 |
| total: | 15 | 2690g |
| Peasant | 18 | 1350 | / | 0 |
| Footman | 6 | 810 | / | 0 |
| Rifleman | 7 | 1435 | / | 210 |
| Mortar Team | 6 | 1080 | / | 420 |
| Flying Machine | 2 | 200 | / | 60 |
| Priest | 2 | 270 | / | 20 |
| total: | 41 | 5145g | / | 710w |
| Scout Tower | 2 | 60 | / | 40 |
| Arcane Tower | 1 | 70 | / | 50 |
| Guard Tower | 1 | 70 | / | 50 |
| Altar of Kings | 1 | 180 | / | 50 |
| Farm | 9 | 720 | / | 180 |
| Barracks | 2 | 320 | / | 120 |
| Town Hall | 2 | 770 | / | 410 |
| Arcane Vault | 1 | 130 | / | 30 |
| Lumber Mill | 1 | 120 | / | 0 |
| Blacksmith | 1 | 140 | / | 60 |
| Workshop | 2 | 280 | / | 280 |
| Arcane Sanctum | 1 | 150 | / | 140 |
| Keep | 1 | 320 | / | 210 |
| Castle | 1 | 360 | / | 210 |
| total: | 22 | 2870g | / | 1310w |
| 0:03 | Peasant |
| 0:03 | Peasant |
| 0:03 | Peasant |
| 0:10 | Altar of Kings |
| 0:19 | Farm |
| 0:23 | Barracks |
| 0:37 | Peasant |
| 1:03 | Peasant |
| 1:05 | Farm |
| 1:08 | Peasant |
| 1:26 | Footman |
| 1:31 | Peasant |
| 1:33 | Footman |
| 1:42 | Farm |
| 1:56 | Footman |
| 2:20 | Summon Water Elemental |
| 2:22 | Peasant |
| 2:31 | Footman |
| 2:50 | Footman |
| 2:52 | Peasant |
| 3:47 | Peasant |
| 3:47 | Peasant |
| 3:48 | Farm |
| 3:56 | Brilliance Aura |
| 4:15 | Town Hall |
| 4:26 | Arcane Vault |
| 4:28 | Lumber Mill |
| 4:56 | Scout Tower |
| 5:07 | Peasant |
| 5:07 | Peasant |
| 5:30 | Keep |
| 5:36 | Summon Water Elemental |
| 5:48 | Blacksmith |
| 5:49 | Improved Lumber Harvesting |
| 5:54 | Peasant |
| 5:54 | Peasant |
| 5:54 | Peasant |
| 6:19 | Defend |
| 6:35 | Scroll of Regeneration |
| 6:37 | Footman |
| 6:45 | Scroll of Regeneration |
| 6:45 | Lesser Clarity Potion |
| 6:52 | Barracks |
| 6:53 | Scout Tower |
| 6:54 | Farm |
| 6:55 | Improved Masonry |
| 6:58 | Peasant |
| 6:59 | Arcane Tower |
| 7:29 | Guard Tower |
| 7:30 | Rifleman |
| 7:30 | Rifleman |
| 7:47 | Farm |
| 8:02 | Rifleman |
| 8:07 | Farm |
| 8:21 | Rifleman |
| 8:22 | Long Rifles |
| 8:24 | Advanced Lumber Harvesting |
| 8:26 | Brilliance Aura |
| 8:31 | Rifleman |
| 8:31 | Rifleman |
| 8:48 | Workshop |
| 9:02 | Black Gunpowder |
| 9:02 | Studded Leather Armor |
| 9:03 | Flame Strike |
| 9:04 | Potion of Healing |
| 9:05 | Potion of Mana |
| 9:21 | Scroll of Town Portal |
| 9:37 | Tome of Retraining |
| 9:37 | Retrain Hero |
| 9:39 | Blizzard |
| 9:39 | Blizzard |
| 9:39 | Brilliance Aura |
| 10:22 | Workshop |
| 10:23 | Mortar Team |
| 10:25 | Farm |
| 10:29 | Blizzard |
| 10:32 | Siphon Mana |
| 10:37 | Mortar Team |
| 10:37 | Farm |
| 10:51 | Scroll of Town Portal |
| 10:54 | Scroll of Healing |
| 11:08 | Mortar Team |
| 11:42 | Flame Strike |
| 12:12 | Mortar Team |
| 12:13 | Advanced Masonry |
| 12:37 | Potion of Mana |
| 12:59 | Siphon Mana |
| 13:06 | Potion of Healing |
| 13:09 | Mass Teleport |
| 13:27 | Scroll of Regeneration |
| 13:31 | Potion of Healing |
| 13:33 | Potion of Healing |
| 13:33 | Lesser Clarity Potion |
| 13:48 | Town Hall |
| 14:19 | Flak Cannons |
| 14:21 | Refined Gunpowder |
| 15:28 | Flying Machine |
| 15:29 | Flying Machine |
| 15:32 | Peasant |
| 15:38 | Mortar Team |
| 16:21 | Flame Strike |
| 16:27 | Rifleman |
| 16:28 | Reinforced Leather Armor |
| 17:03 | Castle |
| 17:06 | Mortar Team |
| 17:29 | Arcane Sanctum |
| 18:25 | Brilliance Aura |
| 18:30 | Summon Phoenix |
| 18:59 | Summon Water Elemental |
| 19:07 | Priest |
| 19:07 | Priest |
| 19:07 | Priest Adept Training |
| Assign group | 871 |
| Right click | 815 |
| Select | 558 |
| Select group | 424 |
| Chat | 251 |
| Misc. action | 217 |
| Build/train/purchase | 151 |
| Use ability | 47 |
| Minimap ping | 5 |
| Item give/drop | 3 |
| Esc | 2 |
⇛